 Dungeon Crawl Stone Soup version 0.27.1 (webtiles) character file.

Game seed: 8054420868925109303

12648 BOMJPIETVODKU the Arsonist (level 11, -6/92 HPs)
             Began as a Yellow Draconian Fire Elementalist on Aug 23, 2021.
             Was an Elder of Vehumet.
             Mangled by a minotaur (13 damage)
             ... in a Gauntlet on Aug 24, 2021.
             The game lasted 01:01:07 (20920 turns).

BOMJPIETVODKU the Arsonist (DrFE)                  Turns: 20920, Time: 01:01:10

Health: -6/92      AC: 13    Str: 10    XL:     11   Next: 65%
Magic:  3/23       EV: 12    Int: 18    God:    Vehumet [****..]
Gold:   1712       SH:  0    Dex: 16    Spells: 12/27 levels left

rFire    + . .     SeeInvis .   y - +5 morningstar
rCold    . . .     Faith    .   (no shield)
rNeg     . . .     Spirit   .   (armour unavailable)
rPois    .         Reflect  .   (helmet restricted)
rElec    .         Harm     .   (no cloak)
rCorr    +         Rampage  .   p - +0 pair of gloves
Will     .....     NoTele   +   t - +0 pair of boots
Stlth    +++.......             H - amulet of Soeppep {Acrobat Dex+3 Stlth+}
HPRegen  0.25/turn              d - ring of protection from fire
MPRegen  0.18/turn              o - +4 ring of protection

@: no status effects
A: spit acid, AC +7, unfitting armour, cold-blooded, acid resistance
a: Breathe Acid, Renounce Religion


You were in a Gauntlet.
You worshipped Vehumet.
Vehumet was greatly pleased with you.
You visited 3 branches of the dungeon, and saw 13 of its levels.
You also visited: Bailey and Gauntlet.

You collected 2284 gold pieces.
You spent 572 gold pieces at shops.

Inventory:

Hand Weapons
 e - a +4 short sword
 y - a +5 morningstar (weapon)
 A - a +4 vampiric dagger
 B - the +6 fustibalus of Fuqo {speed, Fly rPois rC- Str+2}
   (You found it on level 9 of the Dungeon)

   Attacks with this weapon are significantly faster.
   Str:       It affects your strength (+2).
   rC:        It makes you vulnerable to cold.
   rPois:     It protects you from poison.
   Fly:       It grants you flight.
 D - the +5 falchion "Hyduvewn" {vorpal, *Slow rElec Will++ Str+2}
   (You found it on level 10 of the Dungeon)

   It inflicts extra damage upon your enemies.
   Str:       It affects your strength (+2).
   rElec:     It insulates you from electricity.
   *Slow:     It may slow you when you take damage.
   Will:      It greatly increases your willpower.
Missiles
 l - 41 poisoned darts
 m - 6 curare-tipped darts
 v - a throwing net
Armour
 k - a +0 buckler
 p - a +0 pair of gloves (worn)
 t - a +0 pair of boots (worn)
Jewellery
 d - a ring of protection from fire (left hand)
 n - a ring of wizardry
 o - a +4 ring of protection (right hand)
 r - the ring "Tucsei" {*Slow rF++ Will+ Str+4}
   (You found it on level 6 of the Dungeon)

   [ring of willpower]

   Str:       It affects your strength (+4).
   rF:        It greatly protects you from fire.
   *Slow:     It may slow you when you take damage.
   Will:      It increases your willpower.
 E - a ring of protection from cold
 G - a ring of ice
 H - the amulet of Soeppep (around neck) {Acrobat Dex+3 Stlth+}
   (You found it in a Gauntlet)

   [amulet of the acrobat]

   It increases your evasion while moving and waiting.
   Dex:       It affects your dexterity (+3).
   Stlth:     It makes you more stealthy.
 I - a ring of poison resistance
Wands
 q - a wand of iceblast (4)
 x - a wand of charming (11)
Scrolls
 b - a scroll of immolation
 g - 2 scrolls of amnesia
 s - 2 scrolls of enchant armour
 w - 2 scrolls of teleportation
 F - a scroll of magic mapping
Potions
 a - a potion of degeneration
 c - 3 potions of flight
 f - a potion of resistance
 h - a potion of invisibility
 i - 4 potions of curing
 j - a potion of haste
 u - a potion of lignification
 z - a potion of ambrosia
 C - a potion of berserk rage {unknown}
 J - a potion of mutation {unknown}
 K - a potion of magic {unknown}
 L - a potion of brilliance {unknown}


   Skills:
 * Level 7.3 Fighting
 - Level 1.1 Short Blades
 - Level 1.7 Dodging
 - Level 1.9 Stealth
 * Level 8.8 Spellcasting
 - Level 8.3 Conjurations
 - Level 2.0 Translocations
 * Level 11.9 Fire Magic
 + Level 2.7 Earth Magic
 - Level 0.1 Evocations


You had 12 spell levels left.
You knew the following spells:

 Your Spells              Type           Power      Damage    Failure   Level
a - Foxfire               Conj/Fire      100%       2x1d9     1%          1
b - Sticky Flame          Conj/Fire      44%        2d6       1%          4
c - Fireball              Conj/Fire      22%        3d10      1%          5
d - Bolt of Magma         Conj/Fire/Erth 17%        4d9       3%          5

Your spell library contained the following spells:

 Spells                   Type           Power      Damage    Failure   Level
 Conjure Flame            Conj/Fire      44%        6-21      1%          3
 Inner Flame              Hex/Fire       29%        N/A       1%          3
 Blink                    Tloc           N/A        N/A       6%          2
 Passwall                 Tmut/Erth      10%        N/A       8%          2
 Lesser Beckoning         Tloc           7%         N/A       12%         3
 Swiftness                Air            7%         N/A       26%         3
 Manifold Assault         Tloc           15%        N/A       73%         5
 Invisibility             Hex            3%         N/A       100%        6


Dungeon Overview and Level Annotations

Branches:
Dungeon (11/15)            Temple (1/1) D:5            Lair (1/6) D:9
 Bailey (visited)         Gauntlet (1/1)
    Orc: D:9-12

Altars:
Cheibriados
Elyvilon
Gozag
Hepliaklqana
Kikubaaqudgha
Makhleb
Nemelex Xobeh
Okawaru
Ru
Sif Muna
Trog
Uskayaw
Vehumet
Wu Jian
Xom
Yredelemnul
Zin

Shops:
D:3 =   D:7 !

Annotations:
Gauntlet 10 transporters


Innate Abilities, Weirdness & Mutations

You can spit globs of acid.
Your golden yellow scales are hard. (AC +7)
You cannot fit into any form of body armour.
You are cold-blooded and may be slowed by cold attacks.
You are resistant to acid. (rCorr)


Message History

There is a transporter here.
You enter the transporter and appear at another place.
You open the door.
A minotaur comes into view.
It is wielding a staff of death, wearing a +1 plate armour of willpower and wearing the ring "Hiyhykhe" {*Slow MP+9 AC+4 Int+4}.
The minotaur bellows!
The minotaur moves out of view.
Found a plate armour.
Found a gate leading back out of this place.
There is an open door here.
Aiming: Bolt of Magma (dangerous; 3% risk of failure)
Press: ? - help, Q - select action, (/) - cycle Shift-Dir - straight line, f - minotaur
Aim: a minotaur, wielding a staff of death, wearing a +1 plate armour of willpower, wearing the ring "Hiyhykhe" {*Slow MP+9 AC+4 Int+4} and quivering javelins (85% to hit)
The bolt of magma hits the minotaur!!
The minotaur is moderately wounded.
Aiming: Bolt of Magma (dangerous; 3% risk of failure)
Press: ? - help, Q - select action, (/) - cycle Shift-Dir - straight line, f/p - minotaur
Aim: a minotaur, wielding a staff of death, wearing a +1 plate armour of willpower, wearing the ring "Hiyhykhe" {*Slow MP+9 AC+4 Int+4} and quivering javelins (moderately wounded, 85% to hit)
The bolt of magma hits the minotaur!!
The minotaur is heavily wounded.
The minotaur hits you with a staff of death!
The minotaur misses you.
Aiming: Bolt of Magma (dangerous; 3% risk of failure)
Press: ? - help, Q - select action, (/) - cycle Shift-Dir - straight line, f/p - minotaur
Aim: a minotaur, wielding a staff of death, wearing a +1 plate armour of willpower, wearing the ring "Hiyhykhe" {*Slow MP+9 AC+4 Int+4} and quivering javelins (heavily wounded, 85% to hit)
The bolt of magma hits the minotaur!
The minotaur is heavily wounded.
The minotaur hits you with a staff of death!!
You writhe in agony!
The minotaur gores you but does no damage.
Aiming: Bolt of Magma (dangerous; 3% risk of failure)
Press: ? - help, Q - select action, (/) - cycle Shift-Dir - straight line, f/p - minotaur
Aim: a minotaur, wielding a staff of death, wearing a +1 plate armour of willpower, wearing the ring "Hiyhykhe" {*Slow MP+9 AC+4 Int+4} and quivering javelins (heavily wounded, 85% to hit)
The bolt of magma hits the minotaur.
The minotaur is severely wounded.
The minotaur hits you with a staff of death!!
* * * LOW HITPOINT WARNING * * *
You writhe in agony!
* * * LOW HITPOINT WARNING * * *
The minotaur gores you!
You die...

##### ≈≈§≈≈ ≈∩≈
... ###.###
#..H..#
######@#######
#.............#
#.###.###.###.#
##.###.###.#
............#
#.###.###.###
###.###.###.#####
≈...............§#
##
8.8.8.8.8.8.8.8.8#
##


You could see a minotaur.

Vanquished Creatures
  Josephine (D:10)
  Fannar (D:11)
  Erolcha (D:10)
  2 ugly things
  An apocalypse crab (Gauntlet)
  A tyrant leech (Gauntlet)
  2 slime creatures (Gauntlet)
  6 wraiths
  2 wyverns
  A vampire (D:11)
  11 yaks
  A steam dragon (D:7)
  2 water moccasins (D:7)
  3 swamp worms (Gauntlet)
  9 orc warriors
  2 ice beasts (D:6)
  6 wolves (Lair:1)
  4 centaurs (D:11)
  3 kobold brigands
  3 phantoms
  4 bullfrogs
  A scorpion (D:8)
  A water moccasin zombie (D:5)
  15 killer bees
  2 howler monkeys
  14 wights
  A vampire bat (D:4)
  A bullfrog zombie (D:6)
  2 centaur zombies
  2 hounds
  2 jellies (Gauntlet)
  3 orc priests
  A gnoll shaman (D:7)
  An iguana (D:4)
  A centaur skeleton (D:7)
  3 orc wizards
  2 killer bee zombies
  A hound skeleton (D:4)
  Robin (D:2)
  2 howler monkey zombies
  7 gnolls
  7 adders
  A shadow imp (D:6)
  3 white imps
  2 ufetubi
  3 worms
  A dart slug (D:1)
  38 orcs
  4 ball pythons
  14 bats
  3 endoplasms
  A giant cockroach (D:1)
  11 goblins
  16 hobgoblins
  6 jackals
  34 kobolds
  2 quokkas
  4 frilled lizards
  6 rats
285 creatures vanquished.

Vanquished Creatures (collateral kills)
  A foxfire (D:1)
1 creature vanquished.

Vanquished Creatures (others)
  584 foxfires
  5 fungi
  2 plants (D:9)
591 creatures vanquished.

Grand Total: 877 creatures vanquished

Notes
Turn   | Place    | Note
-------+----------+-------------------------------------------
     0 | D:1      | BOMJPIETVODKU the Draconian Fire Elementalist began the
                  | quest for the Orb.
     0 | D:1      | Reached XP level 1. HP: 14/14 MP: 3/3
   241 | D:1      | Reached XP level 2. HP: 15/20 MP: 1/5
   860 | D:1      | Found a faded altar of an unknown god.
  1408 | D:2      | Reached XP level 3. HP: 26/26 MP: 2/6
  1472 | D:2      | Identified the +1 helmet of the Desolation of Salt {rN+}
  1472 | D:2      | Noticed Robin
  1495 | D:2      | Reached skill level 4 in Fire Magic
  1926 | D:2      | Killed Robin
  2521 | D:2      | Reached skill level 1 in Short Blades
  2560 | D:2      | Found a radiant altar of Vehumet.
  2567 | D:2      | Became a worshipper of Vehumet
  2843 | D:3      | Reached XP level 4. HP: 16/34 MP: 3/7
  3403 | D:3      | Found Zatub's Jewellery Shop.
  3561 | D:3      | Reached skill level 1 in Fighting
  3568 | D:3      | Reached XP level 5. HP: 27/40 MP: 1/9
  4120 | D:3      | Found a shimmering blue altar of Sif Muna.
  4238 | D:4      | Reached skill level 5 in Fire Magic
  4256 | D:4      | Reached * piety under Vehumet
  4256 | D:4      | Offered knowledge of Magic Dart by Vehumet.
  4530 | D:4      | Reached XP level 6. HP: 38/47 MP: 10/10
  5130 | D:5      | Entered Level 5 of the Dungeon
  5130 | D:5      | Found a staircase to the Ecumenical Temple.
  5323 | D:5      | Reached skill level 6 in Fire Magic
  5559 | D:5      | Found an ornate altar of the Wu Jian Council.
  6044 | D:6      | Noticed an orc warrior
  6329 | Temple   | Entered the Ecumenical Temple
  6608 | D:5      | Killed an orc warrior
  6609 | D:5      | Reached skill level 1 in Translocations
  6609 | D:5      | Your scales start taking on a golden yellow colour.
  6609 | D:5      | Reached XP level 7. HP: 29/53 MP: 3/12
  6609 | D:5      | Gained mutation: You are resistant to acid. (rCorr) [Yellow
                  | Draconian growth]
  7293 | D:6      | Identified the ring "Tucsei" {*Slow rF++ Will+ Str+4}
  7430 | D:6      | Reached skill level 7 in Fire Magic
  7830 | D:6      | Reached XP level 8. HP: 60/62 MP: 10/15
  8126 | D:6      | Found a bloodstained altar of Trog.
  8126 | D:6      | Found a sparkling altar of Nemelex Xobeh.
  8191 | D:7      | Reached skill level 5 in Spellcasting
  8646 | D:7      | Reached skill level 8 in Fire Magic
  8731 | D:7      | Learned a level 4 spell: Sticky Flame
  8899 | D:7      | Identified a scroll of acquirement
  9354 | D:7      | Found Cuadgh Fecav's Distillery.
  9365 | D:7      | Reached ** piety under Vehumet
  9365 | D:7      | Offered knowledge of Freeze by Vehumet.
  9394 | D:7      | Bought a potion of heal wounds for 55 gold pieces
  9394 | D:7      | Bought a potion of flight for 33 gold pieces
  9394 | D:7      | Bought a potion of ambrosia for 88 gold pieces
  9394 | D:7      | Acquired 944 gold pieces
  9398 | D:7      | Bought a potion of lignification for 33 gold pieces
  9398 | D:7      | Bought a potion of curing for 33 gold pieces
  9398 | D:7      | Bought a potion of curing for 33 gold pieces
  9398 | D:7      | Bought a potion of curing for 33 gold pieces
  9398 | D:7      | Bought a potion of haste for 110 gold pieces
  9398 | D:7      | Bought a potion of curing for 33 gold pieces
  9398 | D:7      | Bought a potion of curing for 33 gold pieces
  9398 | D:7      | Bought a potion of invisibility for 88 gold pieces
 10043 | D:8      | Found a hazy altar of Hepliaklqana.
 10067 | D:8      | Reached XP level 9. HP: 55/70 MP: 9/17
 10279 | D:8      | Found a sacrificial altar of Ru.
 10340 | D:8      | Offered knowledge of Mephitic Cloud by Vehumet.
 10345 | D:8      | Reached skill level 9 in Fire Magic
 10671 | D:8      | HP: 1/59 [wight (6)]
 10946 | D:8      | Reached *** piety under Vehumet
 10958 | D:8      | Learned a level 5 spell: Fireball
 11305 | D:8      | Reached skill level 5 in Conjurations
 11801 | D:8      | Offered knowledge of Iskenderun's Mystic Blast by Vehumet.
 12624 | D:9      | Reached XP level 10. HP: 63/80 MP: 15/20
 12750 | D:9      | Identified the +6 fustibalus of Fuqo {speed, Fly rPois rC-
                  | Str+2}
 12774 | D:9      | Found a staircase to the Lair.
 12787 | D:9      | Reached skill level 10 in Fire Magic
 13707 | D:8      | Reached skill level 5 in Fighting
 14192 | D:9      | Found a white marble altar of Elyvilon.
 14598 | D:10     | Entered Level 10 of the Dungeon
 14599 | D:10     | Found a flagged portal.
 14608 | Bailey   | Entered a bailey
 14855 | Bailey   | Reached **** piety under Vehumet
 15017 | Bailey   | Offered knowledge of Bolt of Magma by Vehumet.
 15460 | D:10     | Identified the +5 falchion "Hyduvewn" {vorpal, *Slow rElec
                  | Will++ Str+2}
 15475 | D:10     | Learned a level 5 spell: Bolt of Magma
 15797 | D:10     | Noticed Erolcha
 15816 | D:10     | HP: 4/83 [something (5)]
 16341 | D:10     | Found an opulent altar of Gozag.
 17081 | D:10     | Killed Erolcha
 17082 | D:10     | Reached skill level 1 in Earth Magic
 17254 | D:11     | Noticed Josephine
 17256 | D:11     | Noticed a brown ugly thing
 17526 | D:10     | Killed Josephine
 17527 | D:10     | Reached skill level 11 in Fire Magic
 17527 | D:10     | Reached XP level 11. HP: 56/90 MP: 9/23
 17668 | D:10     | Killed a brown ugly thing
 18329 | D:11     | Noticed a brown ugly thing
 18336 | D:11     | Killed a brown ugly thing
 18508 | D:11     | Noticed Fannar
 18552 | D:11     | Killed Fannar
 19122 | Lair:1   | Entered Level 1 of the Lair of Beasts
 19141 | Lair:1   | Found a gate leading to a gauntlet.
 19150 | Gauntlet | Entered a Gauntlet
 19150 | Gauntlet | Found a transporter.
 19150 | Gauntlet | Found a transporter.
 19172 | Gauntlet | Noticed a wizard
 19214 | Gauntlet | Found a transporter.
 19216 | Gauntlet | Found a transporter.
 19221 | Gauntlet | Found a transporter.
 19235 | Gauntlet | Noticed a four-headed hydra
 19240 | Gauntlet | Found a transporter.
 19250 | Gauntlet | Found a transporter.
 19250 | Gauntlet | Found a transporter.
 19251 | Gauntlet | Noticed a brown ugly thing
 19251 | Gauntlet | Noticed a glowing orange brain
 19274 | Gauntlet | Found a transporter.
 19281 | Gauntlet | Found a transporter.
 19293 | Gauntlet | Found a transporter.
 19313 | Gauntlet | Found a transporter.
 19346 | Gauntlet | Found a transporter.
 19362 | Gauntlet | Found a transporter.
 19463 | Gauntlet | Found a transporter.
 19479 | Gauntlet | Found a transporter.
 20189 | Gauntlet | Identified the amulet of Soeppep {Acrobat Dex+3 Stlth+}
 20547 | Gauntlet | Paralysed by an apocalypse crab for 5 turns
 20915 | Gauntlet | Identified the ring "Hiyhykhe" {*Slow MP+9 AC+4 Int+4}
 20915 | Gauntlet | Noticed a minotaur
 20920 | Gauntlet | Mangled by a minotaur

Illustrated notes

Levels and vault maps discovered:
D:1:      eino_arrival_water_star, layout_basic,
          dreamdust_ecumenical_altar_hidden_monk_grotto
D:2:      layout_basic, basic_altar, uniq_robin
D:3:      layout_rooms, led_sif_pool, serial_shops,
          nicolae_shop_temple_entry_statues_fountains,
          ebering_dispersal_statue_hall
D:4:      layout_loops_ring, hangedman_feature_mirror, minmay_misc_feat_tower,
          roderic_batcave
D:5:      layout_cave_pools, nicolae_wu_jian_glorious_leap,
          minmay_temple_entry_wispy, bh_walls_and_bars
D:6:      layout_loops_ring, gammafunk_temple_overflow_elements,
          minmay_checkerbox
D:7:      minmay_evil_eye, layout_loops_corners, serial_shops,
          nicolae_shop_trees
D:8:      layout_basic, mainiacjoe_overflow_catwalk_spiral, item_on_display_a
D:9:      layout_basic, elyvilon_altar_4, dpeg_oklobed_lair
D:10:     layout_grid_maze, mainiacjoe_overflow_alcove_1, enter_bailey_2,
          minmay_misc_feat_doors, uniq_erolcha
D:11:     layout_basic, grunt_decor_one_mirror, uniq_josephine, uniq_fannar
Temple:   eino_narrow_crystal_temple
Lair:1:   layout_regular_city, gauntlet_entry_generic, serial_bayou_lagoon_a,
          grunt_megastairs_1, infiniplex_staircase_pool
Gauntlet: gammafunk_gauntlet_branching [nicolae_gauntlet_arena_blocks,
          gammafunk_gauntlet_arena_crates, gammafunk_gauntlet_arena_corners,
          nicolae_gauntlet_arena_x, gammafunk_gauntlet_arena_split_diamond,
          gammafunk_gauntlet_arena_teeth, nicolae_gauntlet_arena_grate_2,
          nicolae_gauntlet_arena_quarters, gauntlet_exit_watery]

Skill      XL: |  1  2  3  4  5  6  7  8  9 10 11 |
---------------+----------------------------------+-----
Fire Magic     | 4 5 6 7 8 9 11 | 11.9
Short Blades   | 1 |  1.1
Fighting       | 1 2 3 4 6 7 |  7.3
Conjurations   | 2 3 5 7 8 |  8.3
Spellcasting   | 3 4 5 7 8 |  8.8
Translocations | 1 2 |  2.0
Earth Magic    | 1 2 |  2.7
Dodging        | |  1.7
Stealth        | |  1.9
Evocations     | |  0.1

Action                   |  1- 3 |  4- 6 |  7- 9 | 10-12 || total
-------------------------+-------+-------+-------+-------++-------
Melee: Short sword       |    87 |    71 |   105 |       ||   263
       Tailslap          |     8 |     5 |    13 |    13 ||    39
       Unarmed           |     3 |       |       |       ||     3
       Morningstar       |       |       |    30 |   111 ||   141
 Cast: Foxfire           |    51 |   106 |   188 |    10 ||   355
       Sticky Flame      |       |       |    10 |     9 ||    19
       Fireball          |       |       |    14 |    50 ||    64
       Bolt of Magma     |       |       |       |    55 ||    55
 Abil: Breathe Acid      |       |       |     7 |    10 ||    17
Evoke: Wand              |       |       |       |     5 ||     5
  Use: Scroll            |     2 |     5 |     6 |     4 ||    17
       Potion            |       |     2 |     3 |    13 ||    18
 Stab: Sleeping          |     2 |       |     2 |       ||     4
Armor: Skin              |    52 |    59 |   141 |   109 ||   361
Dodge: Dodged            |   125 |   122 |   203 |   152 ||   602
